 Dungeon Crawl Stone Soup version 0.23-a0-395-gcf17ac6 (webtiles) character file.

487470 Illumine the Hoplite (level 23, -34/211 HPs)
             Began as a Minotaur Fighter on Oct 28, 2018.
             Was the Champion of Qazlal.
             Killed from afar by an ancient lich (45 damage)
             ... with a bolt of lightning
             ... on level 5 of the Vaults on Nov 2, 2018.
             The game lasted 02:34:26 (42022 turns).

Illumine the Hoplite (Minotaur Fighter)            Turns: 42022, Time: 02:34:26

Health: -34/211    AC: 43    Str: 28    XL:     23   Next: 81%
Magic:  30/42      EV: 15    Int:  5    God:    Qazlal [******]
Gold:   3781       SH: 43    Dex: 15    Spells: 21/22 levels left

rFire    + + .     SeeInvis .   T - +9 broad axe (elec)
rCold    + . .     Gourm    .   F - +10 large shield of Ignorance {rN+ Int-4}
rNeg     + . .     Faith    .   i - +7 gold dragon scales
rPois    +         Spirit   .   u - +2 hat
rElec    .         Reflect  .   b - +1 cloak {+Inv}
rCorr    .         Harm     .   j - +1 pair of gloves
MR       ++...                  s - +1 pair of boots
Stlth    ..........             U - amulet of Ussuocvu {MR+ Regen+}
HPRegen  0.85/turn              N - ring "Rafurgha" {MP+9 Int+4 Dex+2}
MPRegen  0.28/turn              z - ring "Woath" {rF+ Slay+2}

@: protected from physical damage, repel missiles
A: retaliatory headbutt, horns 2
}: 2/15 runes: serpentine, barnacled
a: Upheaval, Elemental Force, Disaster Area, Renounce Religion, Evoke
Invisibility


You were on level 5 of the Vaults.
You worshipped Qazlal.
Qazlal was exalted by your worship.
You were not hungry.

You visited 8 branches of the dungeon, and saw 40 of its levels.
You also visited: Ice Cave and Desolation.

You collected 4571 gold pieces.
You spent 790 gold pieces at shops.

Inventory:

Hand Weapons
 d - a +0 hand crossbow
 G - the +10 war axe of Odukhli {flame, *Noise Int+4 Stlth+}
   (You found it on level 8 of the Dungeon)

   It has been specially enchanted to burn those struck by it, causing extra
   injury to most foes and up to half again as much damage against particularly
   susceptible opponents.
   Big, fiery blades are also staple armaments of hydra-hunters.
   It affects your intelligence (+4).
   It may make noises in combat.
   It makes you more stealthy.
 T - a +9 broad axe of electrocution (weapon)
Missiles
 n - 12 tomahawks of returning (quivered)
 R - 1139 bolts
Armour
 b - a +1 cloak of invisibility (worn)
 i - +7 gold dragon scales (worn)
 j - a +1 pair of gloves (worn)
 s - a +1 pair of boots (worn)
 u - a +2 hat (worn)
 F - the +10 large shield of Ignorance (worn) {rN+ Int-4}
   (You found it on level 1 of the Orcish Mines)

   It affects your intelligence (-4).
   It protects you from negative energy.
Jewellery
 a - an uncursed ring of protection from cold
 g - an uncursed ring of resist corrosion
 r - an uncursed ring of see invisible
 y - an uncursed ring of protection from magic
 z - the ring "Woath" (right hand) {rF+ Slay+2}
   (You found it in the Desolation of Salt)

   [ring of protection from fire]

   It affects your accuracy and damage with ranged weapons and melee attacks
   (+2).
   It protects you from fire.
 L - an uncursed ring of protection from cold
 N - the ring "Rafurgha" (left hand) {MP+9 Int+4 Dex+2}
   (You found it on level 1 of the Elven Halls)

   [ring of magical power]

   It affects your intelligence (+4).
   It affects your dexterity (+2).
   It affects your magic capacity (+9).
 S - an uncursed ring of protection from fire
 U - the amulet of Ussuocvu (around neck) {MR+ Regen+}
   (You found it on level 3 of the Elven Halls)

   [amulet of regeneration]

   It affects your resistance to hostile enchantments.
   It increases your rate of regeneration.
Wands
 c - a wand of digging (6)
 x - a wand of disintegration (31)
 P - a wand of paralysis (30)
 W - a wand of polymorph (25)
Scrolls
 q - 12 scrolls of teleportation
 A - 2 scrolls of magic mapping
 C - 5 scrolls of fear
 H - a scroll of immolation
 M - 2 scrolls of blinking
 Q - a scroll of summoning
 V - 4 scrolls of identify
Potions
 k - 9 potions of flight
 m - 6 potions of haste
 o - 3 potions of cancellation
 w - 4 potions of agility
 D - a potion of might
 J - 4 potions of curing
Miscellaneous
 t - a lightning rod (4/4)
 E - a lamp of fire
 Y - 2 sacks of spiders
Comestibles
 f - 49 rations


   Skills:
 + Level 18.6 Fighting
 - Level 18.0 Axes
 + Level 11.1 Crossbows
 + Level 19.6 Armour
 + Level 17.0 Dodging
 * Level 23.0 Shields
 - Level 12.0 Invocations
 + Level 14.7 Evocations


You had 21 spell levels left.
You knew the following spells:

 Your Spells              Type           Power        Failure   Level  Hunger
a - Apportation           Tloc           #.....       100%        1    ##.....

Your spell library contained the following spells:

 Spells                   Type           Power        Failure   Level  Hunger
 Animate Skeleton         Necr           N/A          100%        1    ##.....
 Confusing Touch          Hex            #.....       100%        1    ##.....
 Corona                   Hex            #......      100%        1    ##.....
 Flame Tongue             Conj/Fire      #....        100%        1    ##.....
 Freeze                   Ice            #...         100%        1    ##.....
 Magic Dart               Conj           #...         100%        1    ##.....
 Sandblast                Erth           #.....       100%        1    ##.....
 Shock                    Conj/Air       #...         100%        1    ##.....
 Sting                    Conj/Pois      #...         100%        1    ##.....
 Summon Butterflies       Summ           #.......     100%        1    ##.....
 Summon Small Mammal      Summ           #...         100%        1    ##.....
 Corpse Rot               Necr           N/A          100%        2    ###....
 Ensorcelled Hibernation  Hex/Ice        #.....       100%        2    ###....
 Passwall                 Tmut/Erth      #.......     100%        2    ###....
 Poisonous Vapours        Pois/Air       #.....       100%        2    ###....
 Searing Ray              Conj           #.....       100%        2    ###....
 Shroud of Golubria       Chrm/Tloc      #.........   100%        2    ###....
 Slow                     Hex            #.......     100%        2    ###....
 Sublimation of Blood     Necr           #.........   100%        2    ###....
 Throw Flame              Conj/Fire      #.....       100%        2    ###....
 Throw Frost              Conj/Ice       #.....       100%        2    ###....
 Call Canine Familiar     Summ           #.......     100%        3    ####...
 Confuse                  Hex            #.......     100%        3    ####...
 Conjure Flame            Conj/Fire      #.......     100%        3    ####...
 Dazzling Spray           Conj/Hex       #.....       100%        3    ####...
 Gell's Gravitas          Tloc           #.........   100%        3    ####...
 Ignite Poison            Fire/Tmut/Pois #.......     100%        3    ####...
 Inner Flame              Hex/Fire       #.......     100%        3    ####...
 Mephitic Cloud           Conj/Pois/Air  #.......     100%        3    ####...
 Ozocubu's Armour         Chrm/Ice       #.......     100%        3    ####...
 Portal Projectile        Hex/Tloc       #.....       100%        3    ####...
 Recall                   Summ/Tloc      N/A          100%        3    ####...
 Static Discharge         Conj/Air       #.......     100%        3    ####...
 Stone Arrow              Conj/Erth      #.....       100%        3    ####...
 Summon Guardian Golem    Hex/Summ       #.......     100%        3    ####...
 Airstrike                Air            #.........   100%        4    #####..
 Animate Dead             Necr           N/A          100%        4    #####..
 Cause Fear               Hex            #.........   100%        4    #####..
 Force Lance              Conj/Tloc      #.......     100%        4    #####..
 Fulminant Prism          Conj/Hex       #.........   100%        4    #####..
 Iskenderun's Mystic Bla  Conj           #.......     100%        4    #####..
 Leda's Liquefaction      Hex/Erth       #.........   100%        4    #####..
 Olgreb's Toxic Radiance  Pois           #.......     100%        4    #####..
 Petrify                  Tmut/Erth      #.......     100%        4    #####..
 Sticky Flame             Conj/Fire      #.......     100%        4    #####..
 Summon Ice Beast         Ice/Summ       #.......     100%        4    #####..
 Summon Lightning Spire   Summ/Air       #.......     100%        4    #####..
 Throw Icicle             Conj/Ice       #.......     100%        4    #####..
 Agony                    Necr           #.......     100%        5    ######.
 Bolt of Draining         Conj/Necr      #.........   100%        5    ######.
 Bolt of Magma            Conj/Fire/Erth #.........   100%        5    ######.
 Borgnjor's Vile Clutch   Necr/Erth      #.........   100%        5    ######.
 Dispel Undead            Necr           #.......     100%        5    ######.
 Excruciating Wounds      Chrm/Necr      #.........   100%        5    ######.
 Fireball                 Conj/Fire      #.........   100%        5    ######.
 Irradiate                Conj/Tmut      #.........   100%        5    ######.
 Iskenderun's Battlesphe  Conj/Chrm      #.......     100%        5    ######.
 Lee's Rapid Deconstruct  Erth           #.........   100%        5    ######.
 Lightning Bolt           Conj/Air       #.........   100%        5    ######.
 Metabolic Englaciation   Hex/Ice        #.........   100%        5    ######.
 Silence                  Hex/Air        #.........   100%        5    ######.
 Summon Mana Viper        Hex/Summ       #.......     100%        5    ######.
 Venom Bolt               Conj/Pois      #.........   100%        5    ######.
 Yara's Violent Unravell  Hex/Tmut       #.........   100%        5    ######.
 Bolt of Fire             Conj/Fire      #.........   100%        6    #######
 Conjure Ball Lightning   Conj/Air       #.........   100%        6    #######
 Death Channel            Necr           #.........   100%        6    #######
 Deflect Missiles         Chrm/Air       #.........   100%        6    #######
 Hydra Form               Tmut           #.........   100%        6    #######
 Iron Shot                Conj/Erth      #.........   100%        6    #######
 Poison Arrow             Conj/Pois      #.........   100%        6    #######
 Simulacrum               Ice/Necr       #.........   100%        6    #######
 Statue Form              Tmut/Erth      #........    100%        6    #######
 Dragon Form              Tmut           #.........   100%        7    #######
 Haunt                    Necr/Summ      #.........   100%        7    #######
 Orb of Destruction       Conj           #.........   100%        7    #######
 Ring of Flames           Chrm/Fire      #.........   100%        7    #######
 Spellforged Servitor     Conj/Summ      #.........   100%        7    #######
 Summon Hydra             Summ           #.........   100%        7    #######
 Borgnjor's Revivificati  Necr           #.........   100%        8    #######
 Chain Lightning          Conj/Air       #.........   100%        8    #######
 Death's Door             Chrm/Necr      #.........   100%        8    #######
 Discord                  Hex            #.........   100%        8    #######
 Ignition                 Fire           #.........   100%        8    #######
 Infestation              Necr           #.........   100%        8    #######
 Lehudib's Crystal Spear  Conj/Erth      #.........   100%        8    #######
 Necromutation            Tmut/Necr      #.........   100%        8    #######
 Dragon's Call            Summ           #.........   100%        9    #######
 Fire Storm               Conj/Fire      #.........   100%        9    #######
 Glaciate                 Conj/Ice       #.........   100%        9    #######
 Shatter                  Erth           #.........   100%        9    #######
 Tornado                  Air            #.........   100%        9    #######


Dungeon Overview and Level Annotations

Branches:
Dungeon (15/15)            Temple (1/1) D:4            Lair (6/6) D:10
 Shoals (4/4) Lair:3        Snake (4/4) Lair:2        Slime (0/5) Lair:5
    Orc (2/2) D:10            Elf (3/3) Orc:2        Vaults (5/5) D:14
  Crypt (0/3) Vaults:3     Depths (0/5) D:15

Altars:
Ashenzari
Cheibriados
Dithmenos
Elyvilon
Fedhas
Gozag
Hepliaklqana
Kikubaaqudgha
Makhleb
Nemelex Xobeh
Qazlal
Ru
Trog
Uskayaw
Vehumet
Wu Jian
Xom
Yredelemnul
Zin
The Shining One
Jiyva

Shops:
D:9 ?   D:12 :   D:13 (   D:15 *   Orc:2 %}=((   Elf:2 *   Elf:3 }

Portals:
Trove: D:13 (give 3 potions of resistance)

Annotations:
D:15 exclusion: Roxanne, Roxanne
Lair:4 exclusion: 2 oklob plants
Lair:6 3 runed doors, Wiqoc's ghost, journeyman KoEn
Shoals:4 exclusion: oklob plant
Orc:1 1 runed door, exclusion: 4 orange crystal statues
Vaults:2 4 runed doors
Vaults:3 3 runed doors, BingusPrime's ghost, adept DDHu


Innate Abilities, Weirdness & Mutations

You reflexively headbutt those who attack you in melee.
You have a pair of horns on your head.


Message History

The stone giant is moderately wounded.
You hear a sizzling sound!
The blast of magma engulfs the small abomination.
The small abomination is almost destroyed.
You hear a sizzling sound!
The blast of magma engulfs the ogre.
You kill the ogre!
Qazlal accepts your kill.
The blast of ice hits the yaktaur captain.
You kill the yaktaur captain!
Qazlal accepts your kill.
The blast of ice hits the two-headed ogre.
You kill the two-headed ogre!
Qazlal accepts your kill.
The blast of ice hits the two-headed ogre.
You kill the two-headed ogre!
Qazlal accepts your kill.
The ancient lich gestures at you while chanting.
The bolt of lightning hits you!
You die...

###########
.....≈.....
......≈...
#≈..≈....
.....).
#CCO)#
#.≈))#
#[(x@#
#..XL#
#.)Xe#
#..))#
#$.).#
#...(#
#...(#
#....#
#....#


You could see an ancient lich, a stone giant, an ettin, a two-headed ogre, a
deep elf high priest, 2 large abominations and a small abomination.

Vanquished Creatures
  Frederick (Vaults:3)
  Vashnia (Snake:3)
  Saint Roka (Vaults:3)
  Nikola (Elf:3)
  The ghost of PinaColada the Warrior, an adept MfTm of Kikubaaqudgha (Vaults:2)
  3 tentacled monstrosities (Vaults:5)
  Asterion (Snake:4)
  2 deep elf blademasters (Elf:3)
  3 deep elf master archers (Elf:3)
  4 krakens
  5 sphinxes
  An ancient champion (Vaults:3)
  Gastronok (D:10)
  Kirke (D:15)
  A storm dragon (Vaults:3)
  The ghost of Recwoil the Severer, an adept DsFi of Okawaru (Elf:1)
  Ilsuiw (Shoals:2)
  The ghost of Mown the Sensei, an adept DsFi of Wu Jian (Elf:1)
  A tengu reaver (Vaults:3)
  2 fire giants
  9 nagarajas
  24 vault wardens
  9 deep elf sorcerers
  An imperial myrmidon (Desolation)
  Louise (Snake:1)
  20 ironheart preservers
  A war gargoyle (Vaults:5)
  3 deep elf elementalists (Elf:3)
  7 very ugly things
  10 stone giants
  A vampire knight (Vaults:3)
  Nessos (Lair:5)
  3 deep elf demonologists
  Azrael (D:12)
  3 deep elf death magi
  3 halazid warlocks (Desolation)
  6 deep elf annihilators
  The ghost of Ilanucixt the Severer, a journeyman HOFi of Beogh (Elf:1)
  An ettin (Vaults:5)
  3 crystal guardians
  A blizzard demon (IceCv)
  Snorg (D:13)
  7 merfolk impalers
  4 merfolk javelineers
  6 ragged hierophants (Desolation)
  10 yaktaur captains
  4 deep elf high priests
  5 fire dragons
  5 servants of whispers (Desolation)
  3 great orbs of eyes
  14 ogre magi
  49 vault guards
  Fannar (D:10)
  3 rakshasas
  7 peacekeepers (Desolation)
  An ice dragon (shapeshifter) (D:15)
  6 hydras
  2 ice dragons
  6 merfolk aquamancers
  A large abomination (Vaults:5)
  An alligator snapping turtle (Shoals:4)
  Erica (D:10)
  20 naga warriors
  A merfolk avatar (Shoals:4)
  10 centaur warriors
  The ghost of BingusPrime the Quickloader, a novice DDHu of Makhleb (D:9)
  12 anacondas
  2 catoblepae
  57 two-headed ogres
  3 death knights
  A deep troll shaman (Vaults:4)
  A death yak (Lair:4)
  4 deep troll earth magi
  20 dancing weapons
  15 naga sharpshooters
  A shock serpent (Snake:4)
  A small abomination (Vaults:5)
  20 deep elf knights
  A storm dragon zombie (Vaults:2)
  A salamander mystic (Snake:4)
  4 shadow wraiths
  A fire crab (shapeshifter) (Vaults:2)
  11 skeletal warriors
  15 deep trolls
  2 unseen horrors
  10 sea snakes
  A flayed ghost (Vaults:4)
  An unseen horror (shapeshifter) (Vaults:5)
  6 naga ritualists
  3 glowing orange brains
  14 deep elf archers
  18 ironbrand convokers
  A lindwurm (Lair:6)
  5 phantasmal warriors
  3 wizards
  20 harpies
  Pikel (D:4)
  4 wolf spiders
  14 cyclopes
  3 necromancers
  18 orc knights
  4 orc sorcerers
  68 deep elf magi
  7 mana vipers
  32 ugly things
  14 salamanders
  11 fauns
  14 manticores
  13 merfolk sirens
  25 naga magi
  Joseph (D:10)
  A human skeleton (Vaults:4)
  4 centaur zombies
  20 vault sentinels
  A water nymph (shapeshifter) (Vaults:4)
  47 black mambas
  9 guardian serpents
  6 molten gargoyles
  A black mamba (shapeshifter) (Elf:1)
  10 water nymphs
  2 ice statues (IceCv)
  3 gargoyles
  An elephant (shapeshifter) (Vaults:5)
  3 human zombies
  11 spiny frogs
  4 freezing wraiths
  3 kobold demonologists
  3 rime drakes
  A yaktaur zombie (Vaults:4)
  14 komodo dragons
  A rime drake (shapeshifter) (Vaults:2)
  42 yaktaurs
  14 ice devils (IceCv)
  7 polar bears
  36 merfolk
  11 trolls
  2 hornets
  A polar bear (shapeshifter) (Vaults:3)
  Prince Ribbit (D:7)
  4 wind drakes
  52 saltlings (Desolation)
  9 dream sheep
  19 blink frogs
  A human simulacrum (Vaults:3)
  14 hippogriffs
  11 slime creatures
  10 snapping turtles
  Grinder (D:4)
  Sigmund (D:4)
  A centaur simulacrum (D:15)
  3 air elementals (Elf:1)
  A redback (shapeshifter) (Elf:2)
  2 spriggans (Lair:5)
  A spriggan (shapeshifter) (Elf:1)
  2 vampires (D:15)
  45 yaks
  A shadow (D:14)
  A flying skull (Vaults:3)
  2 wyverns (shapeshifter)
  A yak (shapeshifter) (Vaults:1)
  21 water elementals
  3 wraiths
  2 wyverns
  A human (D:7)
  4 basilisks
  2 basilisks (shapeshifter)
  A steam dragon (shapeshifter) (Vaults:4)
  9 hogs
  10 fire elementals
  A hungry ghost (D:8)
  2 steam dragons (Lair:6)
  9 vampire mosquitoes (D:15)
  A soldier ant (D:11)
  5 wargs
  80 nagas
  A warg (shapeshifter) (Vaults:4)
  7 porcupines
  3 acid dragons (Vaults:2)
  23 water moccasins
  6 hell hounds
  6 ice beasts
  3 black bears
  An eye of draining (D:12)
  An eye of draining (shapeshifter) (Vaults:1)
  A sky beast (D:12)
  A hornet zombie (D:10)
  54 orc warriors
  2 phantoms
  A necrophage (D:12)
  58 ogres
  9 boggarts
  33 centaurs
  9 wolves
  An orc skeleton (Vaults:2)
  A centaur (shapeshifter) (D:15)
  12 crocodiles
  5 big kobolds
  A big kobold (shapeshifter) (Vaults:2)
  20 bullfrogs
  An earth elemental (Elf:1)
  A wyvern skeleton (D:8)
  3 scorpions
  11 killer bees
  2 elf simulacra
  4 wights (D:12)
  An electric eel (D:12)
  9 crimson imps
  3 bullfrog zombies
  3 howler monkeys
  A quasit (D:8)
  6 lava snakes
  8 hounds
  4 jellies
  26 orc wizards
  Crazy Yiuf (D:2)
  8 centaur skeletons
  17 orc priests
  A bullfrog skeleton (D:12)
  Terence (D:2)
  Jessica (D:1)
  3 iguanas
  10 worker ants
  A hound zombie (D:7)
  A worker ant zombie (D:9)
  Robin (D:4)
  11 adders
  5 shadow imps
  3 white imps (IceCv)
  6 ufetubi (IceCv)
  An ooze (D:5)
  2 adder skeletons (D:6)
  3 worms
  2 dart slugs
  6 leopard geckos
  150 orcs
  6 bats
  6 giant cockroaches
  8 goblins
  10 hobgoblins
  13 jackals
  2 quokkas
  3 ball pythons
  4 frilled lizards
  2 jackal skeletons
  32 kobolds
  A leopard gecko skeleton (D:3)
  A quokka skeleton (D:5)
  5 rats
  2 crawling corpses (Elf:1)
  3 fungi
  8 plants
  14 tentacles
2082 creatures vanquished.

Vanquished Creatures (collateral kills)
  A crystal guardian (Desolation)
  A merfolk impaler (Shoals:4)
  An ogre mage (Orc:2)
  2 black mambas (Snake:1)
  2 saltlings (Desolation)
  A naga (Snake:1)
  2 ogres (Orc:2)
  3 orcs
13 creatures vanquished.

Vanquished Creatures (others)
  A deep elf demonologist (Vaults:1)
  A deep elf annihilator (Elf:3)
  A merfolk impaler (Shoals:3)
  A deep elf knight (Elf:1)
  A deep elf archer (Elf:1)
  A harpy (Vaults:2)
  2 deep elf magi
  A wind drake (Shoals:4)
  A water elemental (Elf:1)
  A naga (Snake:2)
  2 slaves (D:4)
  A boggart (D:15)
  A centaur (Vaults:3)
  A howler monkey (D:12)
  An orc wizard (D:12)
  3 white imps (IceCv)
  5 ufetubi (IceCv)
  13 fungi
  25 plants
  20 tentacles
  3 withered plants (Elf:1)
86 creatures vanquished.

Grand Total: 2181 creatures vanquished

Notes
Turn   | Place    | Note
-------+----------+-------------------------------------------
     0 | D:1      | Illumine the Minotaur Fighter began the quest for the Orb.
     0 | D:1      | Reached XP level 1. HP: 19/19 MP: 0/0
   143 | D:1      | Reached XP level 2. HP: 26/26 MP: 1/1
  1212 | D:2      | Noticed Jessica
  1220 | D:1      | Killed Jessica
  1220 | D:1      | Reached XP level 3. HP: 17/31 MP: 2/2
  1445 | D:2      | Reached XP level 4. HP: 39/39 MP: 3/3
  1479 | D:2      | Noticed Terence
  1522 | D:3      | Reached skill level 5 in Armour
  1709 | D:3      | Found a shadowy altar of Dithmenos.
  1973 | D:2      | Found an ornate altar of the Wu Jian Council.
  1973 | D:2      | Found a sparkling altar of Nemelex Xobeh.
  2040 | D:4      | Reached XP level 5. HP: 44/45 MP: 4/4
  2090 | D:4      | Reached skill level 5 in Axes
  2185 | D:4      | Noticed Sigmund
  2196 | D:4      | Killed Sigmund
  2196 | D:4      | Reached XP level 6. HP: 46/51 MP: 5/5
  2225 | D:4      | Noticed a slave
  2225 | D:4      | Noticed a slave
  2225 | D:4      | Noticed a slave
  2226 | D:4      | Noticed Pikel
  2226 | D:4      | Noticed a slave
  2248 | D:4      | Killed Pikel
  2248 | D:4      | Reached XP level 7. HP: 45/57 MP: 6/6
  2380 | D:4      | Noticed Grinder
  2396 | D:4      | Killed Grinder
  2462 | D:5      | Entered Level 5 of the Dungeon
  2483 | D:5      | Reached XP level 8. HP: 64/64 MP: 7/7
  2645 | D:5      | Reached skill level 4 in Shields
  2675 | D:5      | Reached skill level 1 in Dodging
  2675 | D:5      | Reached skill level 1 in Evocations
  2812 | D:5      | Found a sparkling altar of Nemelex Xobeh.
  3763 | D:6      | Found a white marble altar of Elyvilon.
  4098 | D:7      | Found a sacrificial altar of Ru.
  4145 | D:7      | Reached skill level 5 in Shields
  4180 | D:7      | Reached skill level 5 in Fighting
  4559 | D:7      | Reached XP level 9. HP: 54/74 MP: 9/9
  4721 | D:7      | Noticed Prince Ribbit
  5034 | D:7      | Killed Prince Ribbit
  5074 | D:7      | Noticed a komodo dragon
  5089 | D:7      | Killed a komodo dragon
  5089 | D:7      | Reached skill level 6 in Shields
  5194 | D:7      | Noticed a gargoyle
  5208 | D:7      | Killed a gargoyle
  5864 | D:4      | Reached skill level 10 in Armour
  5907 | D:4      | Noticed Robin
  5924 | D:4      | Killed Robin
  6237 | D:4      | Found a staircase to the Ecumenical Temple.
  6243 | Temple   | Entered the Ecumenical Temple
  6299 | Temple   | Became a worshipper of Qazlal Stormbringer
  6604 | D:8      | Found a glowing golden altar of the Shining One.
  6683 | D:8      | Reached XP level 10. HP: 84/84 MP: 12/12
  6915 | D:8      | Reached skill level 5 in Dodging
  6934 | D:8      | Reached * piety under Qazlal
  6953 | D:8      | Reached skill level 10 in Axes
  7376 | D:8      | Reached skill level 7 in Shields
  7510 | D:8      | Got a pitted war axe
  7511 | D:8      | Identified the +10 war axe of Odukhli {flame, *Noise Int+4
                  | Stlth+} (You found it on level 8 of the Dungeon)
  7775 | D:9      | Noticed an angel
  7777 | D:9      | Found a glowing silver altar of Zin.
  7777 | D:9      | Found a shimmering altar of Xom.
  7780 | D:9      | Reached ** piety under Qazlal
  7931 | D:9      | Found Yzybyerr's Magic Scroll Shoppe.
  7971 | D:9      | Found a hide-covered altar of Uskayaw.
  7994 | D:9      | Noticed BingusPrime's ghost (novice DDHu)
  7999 | D:9      | Found a runed door.
  8213 | D:10     | Entered Level 10 of the Dungeon
  8213 | D:10     | Found a staircase to the Orcish Mines.
  8221 | D:10     | Noticed a gargoyle
  8227 | D:10     | Killed a gargoyle
  8227 | D:10     | Reached skill level 1 in Invocations
  8227 | D:10     | Reached skill level 5 in Evocations
  8323 | D:10     | Noticed Fannar
  8348 | D:10     | Killed Fannar
  8348 | D:10     | Reached skill level 8 in Shields
  8348 | D:10     | Reached XP level 11. HP: 66/94 MP: 9/13
  8361 | D:10     | Noticed a two-headed ogre
  8489 | D:10     | Noticed Gastronok
  8502 | D:10     | Killed Gastronok
  8557 | D:10     | Killed a two-headed ogre
  8564 | D:10     | Noticed Erica
  8728 | D:10     | Killed Erica
  8774 | D:10     | Noticed Joseph
  8785 | D:10     | Killed Joseph
  9040 | D:10     | Found a staircase to the Lair.
  9338 | Lair:1   | Entered Level 1 of the Lair of Beasts
  9408 | Lair:1   | Reached *** piety under Qazlal
  9596 | Lair:1   | Upgraded the game from 0.23-a0-386-g9c9d49f to
                  | 0.23-a0-389-g4a5eb33
  9606 | Lair:1   | Reached skill level 9 in Shields
  9830 | Lair:1   | Noticed a seven-headed hydra
  9840 | Lair:1   | Killed a two-headed hydra
  9986 | Lair:1   | Reached XP level 12. HP: 103/104 MP: 15/15
 10543 | Lair:2   | Found a staircase to the Snake Pit.
 10962 | Lair:3   | Noticed a six-headed hydra
 10964 | Lair:3   | Noticed a five-headed hydra
 10972 | Lair:2   | Killed a three-headed hydra
 10993 | Lair:3   | Killed a one-headed hydra
 11085 | Lair:3   | Reached **** piety under Qazlal
 11085 | Lair:3   | Reached skill level 5 in Invocations
 11242 | Lair:3   | Reached skill level 10 in Fighting
 11272 | Lair:3   | Reached skill level 10 in Shields
 11428 | Lair:3   | Found a staircase to the Shoals.
 11813 | Lair:4   | Reached XP level 13. HP: 82/113 MP: 17/17
 12147 | Lair:4   | Reached ***** piety under Qazlal
 12158 | Lair:4   | Identified the Incunabulum of Slavery
 12899 | Lair:5   | Found a staircase to the Slime Pits.
 13128 | Lair:5   | Noticed Nessos
 13147 | Lair:5   | Killed Nessos
 13150 | Lair:5   | Reached skill level 11 in Shields
 13726 | Lair:6   | Entered Level 6 of the Lair of Beasts
 14045 | Lair:6   | Found a runed gate.
 14045 | Lair:6   | Found a runed gate.
 14045 | Lair:6   | Found a runed gate.
 14045 | Lair:6   | Noticed Wiqoc's ghost (journeyman KoEn)
 14046 | Lair:6   | Noticed a death ooze
 14047 | Lair:6   | Found a viscous altar of Jiyva.
 14047 | Lair:6   | Noticed a death ooze
 14145 | Lair:6   | Reached XP level 14. HP: 70/124 MP: 19/19
 14148 | Lair:6   | Reached skill level 10 in Dodging
 14331 | Lair:6   | Found a large runed door.
 14392 | Lair:6   | Found a large runed door.
 15466 | Orc:1    | Entered Level 1 of the Orcish Mines
 15567 | Orc:1    | Found a runed door.
 15576 | Orc:1    | Found the +10 large shield of Ignorance {rN+ Int-4}
 15581 | Orc:1    | Found a runed door.
 15756 | Orc:1    | Noticed an orc warlord
 16012 | Orc:1    | Learned a level 1 spell: Apportation
 16534 | Orc:2    | Entered Level 2 of the Orcish Mines
 16657 | Orc:2    | Reached skill level 12 in Shields
 17272 | Orc:2    | Found a staircase to the Elven Halls.
 17400 | Orc:2    | Found Sivod's Antique Weapon Shop.
 17400 | Orc:2    | Found Nar Heu's Antique Weapon Shoppe.
 17401 | Orc:2    | Found Wetil's Gadget Emporium.
 17401 | Orc:2    | Found Cylam's Jewellery Shop.
 17412 | Orc:2    | Bought the amulet of Vitality {Regen+ HP+15} for 790 gold
                  | pieces
 17412 | Orc:2    | Found the amulet of Vitality {Regen+ HP+15}
 17463 | Orc:2    | Found Efued's Food Boutique.
 18198 | D:11     | Reached XP level 15. HP: 133/133 MP: 20/20
 18715 | D:12     | Reached ****** piety under Qazlal
 18819 | D:12     | Noticed Azrael
 18831 | D:12     | Killed Azrael
 18831 | D:12     | Reached skill level 13 in Shields
 18862 | D:12     | Found an opulent altar of Gozag.
 19028 | D:12     | Found Odoih's Book Emporium.
 19033 | D:12     | Found a blossoming altar of Fedhas.
 19990 | D:13     | Noticed Snorg
 20001 | D:13     | Killed Snorg
 20183 | D:13     | Found a stormy altar of Qazlal.
 20412 | D:13     | Found a portal to a secret trove of treasure.
 20577 | D:13     | Found Butagoge's Antique Weapon Boutique.
 21165 | D:14     | Reached skill level 14 in Shields
 21595 | D:14     | Found a gate to the Vaults.
 21737 | D:15     | Entered Level 15 of the Dungeon
 21797 | D:15     | Reached XP level 16. HP: 143/143 MP: 22/22
 22026 | D:15     | Noticed Kirke
 22126 | D:15     | Killed Kirke
 22126 | D:15     | Reached skill level 10 in Evocations
 22167 | D:15     | Found Feuwawn's General Store.
 22265 | D:15     | Identified Roxanne's Incunabulum of Transmigration
 22265 | D:15     | Noticed Roxanne
 22508 | D:15     | Found a staircase to the Depths.
 22655 | Snake:1  | Entered Level 1 of the Snake Pit
 22869 | Snake:1  | Reached skill level 15 in Armour
 22885 | Snake:1  | Reached skill level 15 in Shields
 23028 | Snake:1  | Noticed Louise
 23040 | Snake:1  | Killed Louise
 23043 | Snake:1  | Found a transporter.
 23043 | Snake:1  | Found a transporter.
 23062 | Snake:1  | Upgraded the game from 0.23-a0-389-g4a5eb33 to
                  | 0.23-a0-391-g8c51ad5
 23171 | Snake:1  | Reached skill level 10 in Invocations
 24365 | Snake:3  | Reached skill level 15 in Axes
 24389 | Snake:3  | Reached XP level 17. HP: 151/151 MP: 23/23
 24727 | Snake:3  | Noticed Vashnia
 24768 | Snake:3  | Killed Vashnia
 24805 | Snake:3  | Reached skill level 16 in Shields
 25207 | Snake:4  | Entered Level 4 of the Snake Pit
 25657 | Snake:4  | Noticed Asterion
 25669 | Snake:4  | Killed Asterion
 26174 | Snake:4  | Reached XP level 18. HP: 161/161 MP: 25/25
 26272 | Snake:4  | Got a serpentine rune of Zot
 26572 | Shoals:1 | Entered Level 1 of the Shoals
 26622 | Shoals:1 | Reached skill level 17 in Shields
 26895 | Shoals:2 | Found a frozen archway.
 26901 | Shoals:2 | Noticed Ilsuiw
 26975 | Shoals:2 | Killed Ilsuiw
 26995 | IceCv    | Entered an ice cave
 27405 | IceCv    | Got a polished demon whip
 27410 | IceCv    | Identified the cursed +3 demon whip "Acoa" {elec, +Rage rF+
                  | Dex+2 Stlth+} (You found it in an ice cave)
 27719 | Shoals:3 | Reached skill level 15 in Fighting
 28048 | Shoals:4 | Entered Level 4 of the Shoals
 28126 | Shoals:4 | Identified the +6 rapier "Cihifekh" {flame, rC+}
 28163 | Shoals:3 | Upgraded the game from 0.23-a0-391-g8c51ad5 to
                  | 0.23-a0-393-g6e9e0f2
 28502 | Shoals:4 | Reached skill level 18 in Shields
 28509 | Shoals:4 | Reached XP level 19. HP: 104/170 MP: 26/26
 28560 | Shoals:4 | Got a barnacled rune of Zot
 29416 | D:2      | Found a runed door.
 29420 | D:2      | Noticed Crazy Yiuf
 29422 | D:2      | Killed Crazy Yiuf
 29572 | D:2      | Killed Terence
 30266 | D:9      | Killed BingusPrime's ghost
 30390 | Elf:1    | Entered Level 1 of the Elven Halls
 30876 | Elf:1    | Found a runed gate.
 30876 | Elf:1    | Found a runed gate.
 30876 | Elf:1    | Found a runed gate.
 30877 | Elf:1    | Noticed Recwoil's ghost (adept DsFi)
 30877 | Elf:1    | Noticed Ilanucixt's ghost (journeyman HOFi)
 30879 | Elf:1    | Noticed Mown's ghost (adept DsFi)
 30983 | Elf:1    | Reached skill level 1 in Crossbows
 31998 | Elf:1    | Killed Mown's ghost
 32005 | Elf:1    | Killed Ilanucixt's ghost
 32029 | Elf:1    | Killed Recwoil's ghost
 32044 | Elf:1    | Got a heavily runed brass ring
 32045 | Elf:1    | Identified the ring "Rafurgha" {MP+9 Int+4 Dex+2} (You
                  | found it on level 1 of the Elven Halls)
 32412 | Elf:2    | Found a runed gate.
 32412 | Elf:2    | Found a runed gate.
 32412 | Elf:2    | Found a runed gate.
 32487 | Elf:2    | Reached skill level 19 in Shields
 32653 | Elf:2    | Found Edwiotru's General Store.
 32779 | Elf:3    | Entered Level 3 of the Elven Halls
 33092 | Elf:3    | Found Womany's Gadget Emporium.
 33130 | Elf:3    | Reached XP level 20. HP: 180/180 MP: 24/28
 33148 | Elf:3    | Found the amulet of the Air {Inacc +Fly rElec EV+5 RMsl}
 33384 | Elf:3    | Got a serpentine brass amulet
 33439 | Elf:3    | Got a crude shield
 33440 | Elf:3    | Identified the +5 shield "Ceukob" {rF+} (You found it on
                  | level 3 of the Elven Halls)
 33444 | Elf:3    | Identified the amulet of Ussuocvu {MR+ Regen+} (You found
                  | it on level 3 of the Elven Halls)
 33601 | Elf:3    | Noticed Nikola
 33618 | Elf:3    | Killed Nikola
 34454 | Vaults:1 | Entered Level 1 of the Vaults
 34465 | Vaults:1 | Reached skill level 5 in Crossbows
 35171 | Vaults:1 | Reached skill level 15 in Dodging
 35185 | Vaults:1 | Reached skill level 20 in Shields
 35756 | Vaults:1 | Reached XP level 21. HP: 140/189 MP: 29/29
 36531 | Vaults:2 | Found a ruined gateway.
 36540 | Desolati | Entered the Desolation of Salt
 36789 | Desolati | Identified Losathur's Collected Works on Hexes
 36799 | Desolati | Identified the Grimoire of Poisonous Aid
 36804 | Desolati | Identified the Guide on Air
 36902 | Desolati | Got a pair of brightly glowing gloves
 36913 | Desolati | Identified the cursed -2 pair of gloves of the Sparrow {rF+
                  | Str-3 Int+2 SInv} (You found it in the Desolation of Salt)
 36925 | Desolati | Got a sparkling bronze ring
 36928 | Desolati | Got a scorched tin ring
 36934 | Desolati | Identified the Tome of the Earthen Oath
 36936 | Desolati | Identified the ring "Naxethroc" {rC+ Str-2 Int+2 Dex+5}
                  | (You found it in the Desolation of Salt)
 36937 | Desolati | Identified the ring "Woath" {rF+ Slay+2} (You found it in
                  | the Desolation of Salt)
 36969 | Desolati | Found the +15 Maxwell's patent armour {-Cast -Tele rElec
                  | MR+ rCorr}
 36978 | Desolati | Got a serpentine marble ring
 36984 | Desolati | Identified the Volume of Lethal Black Rituals
 37256 | Vaults:2 | Reached skill level 21 in Shields
 37625 | Vaults:2 | Found a large runed door.
 37625 | Vaults:2 | Found a large runed door.
 37626 | Vaults:2 | Found a large runed door.
 37626 | Vaults:2 | Found a large runed door.
 37628 | Vaults:2 | Found a large runed door.
 37628 | Vaults:2 | Found a large runed door.
 37629 | Vaults:2 | Found a large runed door.
 37629 | Vaults:2 | Found a large runed door.
 37629 | Vaults:2 | Noticed PinaColada's ghost (adept MfTm)
 37654 | Vaults:2 | Killed PinaColada's ghost
 37921 | Vaults:2 | Reached XP level 22. HP: 200/200 MP: 31/31
 38830 | Vaults:3 | Noticed Saint Roka
 38842 | Vaults:3 | Killed Saint Roka
 39049 | Vaults:3 | Noticed Frederick
 39058 | Vaults:3 | Killed Frederick
 39114 | Vaults:3 | Upgraded the game from 0.23-a0-393-g6e9e0f2 to
                  | 0.23-a0-395-gcf17ac6
 39554 | Vaults:3 | Found a runed gate.
 39556 | Vaults:3 | Found a runed gate.
 39556 | Vaults:3 | Found a runed gate.
 39557 | Vaults:3 | Noticed BingusPrime's ghost (adept DDHu)
 39634 | Vaults:3 | Found a staircase to the Crypt.
 40284 | Vaults:4 | Reached skill level 22 in Shields
 40377 | Vaults:4 | Reached XP level 23. HP: 90/209 MP: 32/32
 40396 | Vaults:4 | Reached skill level 10 in Crossbows
 40542 | Vaults:4 | Identified the ring "Topnuihale" {Wiz *Drain Int+6 Stlth+}
                  | (You found it in the Desolation of Salt)
 41933 | Vaults:5 | Entered Level 5 of the Vaults
 41998 | Vaults:5 | Noticed an ancient lich
 42013 | Vaults:5 | Reached skill level 23 in Shields
 42020 | Vaults:5 | HP: 5/211 [large abomination[a deep elf high priest] (12)]
 42022 | Vaults:5 | Killed from afar by an ancient lich

Vault maps used:
D:1:      saegor_arrival_simple_c
D:2:      grunt_temple_overflow_open, uniq_jessica, uniq_crazy_yiuf_cottage,
          uniq_terence
D:3:      grunt_dithmenos_smoke
D:4:      minmay_temple_entry_enclosed_plants, uniq_pikel, uniq_robin,
          uniq_sigmund, uniq_grinder
D:5:      first_ration, nemelex_dance_club_becter
D:6:      kennysheep_little_box
D:7:      basic_altar, chequers_serial_rivers_micro_a, grunt_livestock,
          uniq_prince_ribbit1
D:8:      special_room, tso_metal_star
D:9:      grunt_temple_overflow_order_and_chaos_1, lemuel_round_altar,
          serial_shops, shop, hellmonk_ghost_happy_afterlife
D:10:     lair_entry_dummy, orc_0_dummy, minmay_sticks_and_stones,
          uniq_gastronok, uniq_erica, uniq_fannar
D:12:     lemuel_ogre_cave, basic_altar, serial_shops, nicolae_shop_trees,
          hangedman_abyss_or_decor_passed,
          nicolae_gozag_cash_rules_everything_around_me, uniq_azrael
D:13:     basic_altar, serial_shops, shop, enter_trove_6, uniq_snorg
D:14:     hangedman_vaults_entry_quadrant_bands, serial_glass, glass_columns_a,
          glass_columns_b
D:15:     gammafunk_enter_depths_forms, minivault_27, serial_shops, shop,
          minivault_8, uniq_kirke, uniq_roxanne
Temple:   kb_temple_of_zot
Lair:2:   minmay_snake_entry_six_corridors
Lair:3:   elwin_shoals_entry_stream, chequers_serial_rivers_small_3,
          grunt_megastairs_4
Lair:4:   beast_lair_carwin_large_1, hangedman_lair_generics_rect,
          minmay_lair_oklob_chamber, lemuel_fruit_tree, grunt_megastairs_3
Lair:5:   dpeg_slime_entry_corner, st_stairs_11, forest_entry_grove, uniq_nessos
Lair:6:   cheibrodos_lair_end_hotspot, gammafunk_ghost_ooze,
          cheibrodos_lair_lostbears
Shoals:2: argonaut_golden_fleece, portal_ice_cave_entry_pillars_1, uniq_ilsuiw
Shoals:4: shoals_end_simple, nicolae_shoals_this_corrosion
Snake:1:  gammafunk_the_bubble, uniq_louise
Snake:2:  serial_bayou_shore_b
Snake:3:  serial_bayou_shore_b, uniq_vashnia
Snake:4:  minmay_snake_end_coiled, uniq_asterion
Orc:1:    nicolae_orc_accident_3, chequers_guarded_unrand_ignorance
Orc:2:    st_orc_ogre_mass, serial_shops, shop, minmay_orc_barracks
Elf:1:    minmay_the_grid_octo_tiled_octocenter, gammafunk_ghost_cemetery,
          hangedman_elf_represent, spider_trap
Elf:2:    serial_shops, shop
Elf:3:    minmay_elf_hall, serial_shops, nicolae_shop_crystal, uniq_nikola
Vaults:1: v_rooms_4, vaults_mumra_hexcomb, ontoclasm_vaults_fault,
          ontoclasm_vaults_spin, vaults_dpeg_hooks, ontoclasm_vaults_gateway,
          v_misc_24, ontoclasm_vaults_shuriken, v_misc_31, v_misc_15,
          hangedman_vaults_nails, nicolae_vaults_meeting,
          hangedman_vaults_slice, vaults_mumra_chevron_long,
          ontoclasm_vaults_loading_screen, ontoclasm_vaults_idyll,
          nicolae_vaults_little_squares_1
Vaults:2: advil_vaults_ghost_lines, nicolae_vaults_asterisk,
          vaults_room_hallway, nicolae_vaults_quartermaster,
          grunt_vaults_twisty, nicolae_vaults_yaktaur_gun_rack,
          vaults_standard_mumra_enter_the_diamond,
          portal_desolation_entry_nicolae_slug
Vaults:3: gammafunk_vaults_ghost_spectres, vaults_room_corners, st_cells,
          minmay_crypt_entry_simple_sparse, v_alt_pattern_1,
          ontoclasm_vaults_chip, nicolae_vaults_network_periphery,
          vaults_room_large_hall, nicolae_vaults_stairing_the_circle, v_misc_29,
          ontoclasm_vaults_misaligned, vaults_room_fours,
          ontoclasm_vaults_tryst, grunt_vaults_focal,
          nicolae_vaults_ring_of_whatevers, vaults_dpeg_cross,
          vaults_dpeg_encased_lava, uniq_saint_roka, uniq_frederick
Vaults:4: v_misc_24, hangedman_vaults_maws, hangedman_vaults_stitches,
          vaults_mumra_minichess_inversion, grunt_vaults_funnel,
          nicolae_vaults_rhombus_6, v_misc_11
Vaults:5: serial_shops
IceCv:    ice_cave_small_demon

Skill      XL: |  1  2  3  4  5  6  7  8  9 10 11 12 13 14 15 16 17 18 19 20 21 22 23 |
---------------+----------------------------------------------------------------------+-----
Axes           | 3 4 6 7 8 9 10 11 12 13 14 15 16 17 18 | 18.0
Armour         | 4 5 6 8 9 10 11 12 13 14 15 16 17 18 19 | 19.6
Shields        | 5 6 8 9 10 11 12 14 15 16 18 19 20 21 22 23 | 23.0
Fighting       | 5 6 8 9 10 11 12 13 14 15 16 17 18 | 18.6
Dodging        | 3 4 6 7 8 9 10 11 12 13 14 15 16 17 | 17.0
Evocations     | 2 4 5 6 7 8 9 10 11 12 13 14 | 14.7
Invocations    | 1 4 5 7 8 9 10 11 12 | 12.0
Crossbows      | 4 6 8 9 11 | 11.1

Action                   |  1- 3 |  4- 6 |  7- 9 | 10-12 | 13-15 | 16-18 | 19-21 | 22-24 || total
-------------------------+-------+-------+-------+-------+-------+-------+-------+-------++-------
Melee: War axe           |   107 |   143 |   280 |   530 |  1072 |  1398 |    72 |       ||  3602
       Headbutt          |    14 |    24 |    41 |    99 |   216 |   322 |   330 |   191 ||  1237
       Broad axe         |       |       |       |       |       |       |  1176 |   672 ||  1848
 Fire: Blowgun           |       |       |    19 |       |       |       |       |       ||    19
       Hand crossbow     |       |       |       |       |       |       |     3 |       ||     3
Throw: Stone             |       |       |     3 |     5 |       |       |       |       ||     8
 Cast: Apportation       |       |       |       |       |     2 |       |       |       ||     2
Invok: Upheaval          |       |       |       |     1 |       |     4 |       |       ||     5
       Elemental Force   |       |       |       |       |     6 |     5 |     4 |       ||    15
       Disaster Area     |       |       |       |       |     2 |     1 |     4 |     2 ||     9
Evoke: Wand              |       |       |       |       |     1 |       |       |       ||     1
       Lamp of fire      |       |       |       |       |       |       |       |     1 ||     1
       Lightning rod     |       |       |       |       |       |       |       |     1 ||     1
  Use: Scroll            |       |     6 |     6 |     4 |    10 |    10 |    19 |     5 ||    60
       Potion            |       |     1 |     1 |       |     5 |     4 |     6 |     4 ||    21
 Stab: Distracted        |       |       |       |       |     1 |       |     1 |       ||     2
       Petrified         |       |       |       |       |     9 |       |     4 |       ||    13
       Petrifying        |       |       |       |       |       |       |     1 |       ||     1
       Invisible         |       |       |       |       |       |       |    10 |       ||    10
  Eat: Ration            |     1 |       |     3 |     2 |     5 |     6 |     4 |     3 ||    24
       Chunk             |       |     1 |     6 |    12 |    17 |     4 |    16 |     5 ||    61
Armor: Chain mail        |    10 |       |       |       |       |       |       |       ||    10
       Scale mail        |     4 |       |       |       |       |       |       |       ||     4
       Gold dragon scale |    65 |   116 |   176 |   194 |   233 |   308 |   245 |   149 ||  1486
Dodge: Dodged            |    14 |     4 |    37 |    67 |   116 |   153 |   143 |   107 ||   641
       Deflected         |       |       |       |       |     7 |    41 |    25 |     9 ||    82
Block: Shield            |    55 |    58 |   124 |   313 |   347 |       |       |       ||   897
       Large shield      |       |       |       |       |   859 |  2107 |  1705 |   902 ||  5573

Table legend:
 A = Non-vault XP
 B = Vault XP
 C = Vault XP percentage of total XP
 D = Non-vault monster count
 E = Vault monster count
 F = Vault count percentage of total count
                 A         B        C        D         E       F
            +---------+---------+-------+---------+---------+-------
      Total |  482340 |  478836 |  49.8 |    1280 |     800 |  38.5
            +---------+---------+-------+---------+---------+-------
        D:1 |      37 |      37 |  50.0 |      22 |       1 |   4.3
        D:2 |      76 |      79 |  51.0 |      14 |       2 |  12.5
        D:3 |     214 |       0 |   0.0 |      37 |       0 |   0.0
        D:4 |     342 |    1104 |  76.3 |      14 |      11 |  44.0
        D:5 |     536 |     120 |  18.3 |      11 |       2 |  15.4
        D:6 |     427 |       0 |   0.0 |      17 |       0 |   0.0
        D:7 |    1150 |    1392 |  54.8 |      13 |       7 |  35.0
        D:8 |    1151 |     737 |  39.0 |      23 |      25 |  52.1
        D:9 |    2082 |     920 |  30.6 |      36 |       1 |   2.7
       D:10 |    3572 |    4583 |  56.2 |      32 |       4 |  11.1
       D:11 |    3564 |       0 |   0.0 |      46 |       0 |   0.0
       D:12 |    4688 |   10445 |  69.0 |      34 |      29 |  46.0
       D:13 |    3531 |    1112 |  24.0 |      20 |       1 |   4.8
       D:14 |   14812 |    6856 |  31.6 |      51 |      17 |  25.0
       D:15 |   18777 |    8665 |  31.6 |      57 |      22 |  27.8
     Lair:1 |    5427 |       0 |   0.0 |      21 |       0 |   0.0
     Lair:2 |    6614 |     645 |   8.9 |      23 |       9 |  28.1
     Lair:3 |    3172 |    3141 |  49.8 |      12 |      12 |  50.0
     Lair:4 |    8065 |    7636 |  48.6 |      34 |      25 |  42.4
     Lair:5 |    2952 |    2465 |  45.5 |      14 |      11 |  44.0
     Lair:6 |    7636 |   10582 |  58.1 |      24 |      34 |  58.6
   Shoals:1 |   14859 |       0 |   0.0 |      28 |       0 |   0.0
   Shoals:2 |   12655 |    5505 |  30.3 |      29 |       6 |  17.1
   Shoals:3 |   14299 |       0 |   0.0 |      30 |       0 |   0.0
   Shoals:4 |   20942 |   19863 |  48.7 |      37 |      33 |  47.1
    Snake:1 |   17310 |    7322 |  29.7 |      36 |      16 |  30.8
    Snake:2 |    9311 |       0 |   0.0 |      21 |       0 |   0.0
    Snake:3 |   22746 |    8567 |  27.4 |      42 |       5 |  10.6
    Snake:4 |   28736 |   29801 |  50.9 |      61 |      47 |  43.5
      Orc:1 |    3909 |     411 |   9.5 |      37 |       6 |  14.0
      Orc:2 |    3152 |   18834 |  85.7 |      25 |      58 |  69.9
      Elf:1 |   18642 |   24180 |  56.5 |      32 |      38 |  54.3
      Elf:2 |   15020 |   12251 |  44.9 |      25 |      17 |  40.5
      Elf:3 |    6082 |   39936 |  86.8 |      10 |      22 |  68.8
   Vaults:1 |   46537 |   48578 |  51.1 |      67 |      50 |  42.7
   Vaults:2 |   50783 |   20897 |  29.2 |      89 |      25 |  21.9
   Vaults:3 |   36214 |   44423 |  55.1 |      59 |      57 |  49.1
   Vaults:4 |   56537 |   25820 |  31.4 |      77 |      47 |  37.9
   Vaults:5 |   15781 |   60840 |  79.4 |      20 |      47 |  70.1
      IceCv |       0 |    6840 | 100.0 |       0 |      27 | 100.0
 Desolation |       0 |   44249 | 100.0 |       0 |      86 | 100.0
            +---------+---------+-------+---------+---------+-------
